 Seeded DCSS version 0.28-a0-1395-g4f6bc678fa (webtiles) character file.

Game seed: 20220105 (custom seed)

3145 a11behringer the Cleaver (level 9, -5/73 HPs)
             Began as a Palentonga Berserker on Jan 5, 2022.
             Was a Priest of Trog.
             Slain by an orc (9 damage)
             ... on level 7 of the Dungeon.
             The game lasted 00:17:49 (6501 turns).

a11behringer the Cleaver (Palentonga Berserker)     Turns: 6501, Time: 00:17:49

Health: -5/73      AC: 29    Str: 25    XL:     9   Next: 62%
Magic:  9/9        EV:  1    Int:  7    God:    Trog [***...]
Gold:   279        SH:  0    Dex: 14    Spells: 8/8 levels left

rFire   + . .      SeeInvis +   a - +0 hand axe
rCold   + . .      Faith    .   (no shield)
rNeg    . . .      Spirit   .   e - +1 gold dragon scales
rPois   +          Reflect  .   (no helmet)
rElec   .          Harm     .   r - +0 cloak
rCorr   +          Rampage  .   (no gloves)
Will    +++..                   o - +0 barding
Stlth   ..........              (no amulet)
HPRegen 1.22/turn               D - ring of Ephemeral Luck {Fly Will+ rCorr Stlth+}
MPRegen 0.11/turn               h - ring of the Spinneret {AC+4 Dex+4}

@: strong-willed, on berserk cooldown, flying, regenerating, slowed, curled up,
very slow
A: large, rugged brown scales 3, see invisible, deformed body, roll 1, armoured
tail, reflexive curl
a: Rolling Charge, Renounce Religion, Berserk, Trog's Hand


You were on level 7 of the Dungeon.
You worshipped Trog.
Trog was most pleased with you.
You visited 1 branch of the dungeon, and saw 9 of its levels.

You collected 279 gold pieces.

Inventory:

Hand Weapons
 a - a +0 hand axe (weapon)
 j - a +2 flail of protection
Missiles
 u - 14 poisoned darts
 C - 4 throwing nets
 E - 16 sling bullets
Armour
 b - a +0 animal skin
 d - a +2 robe of willpower
 e - +1 gold dragon scales (worn)
 g - a +3 leather armour
 o - a +0 barding (worn)
 r - a +0 cloak (worn)
Jewellery
 h - the ring of the Spinneret (right hand) {AC+4 Dex+4}
   (You acquired it on level 4 of the Dungeon)

   [ring of protection]

   AC:        It affects your AC (+4).
   Dex:       It affects your dexterity (+4).
 i - a ring of flight
 k - a ring of ice
 D - the ring of Ephemeral Luck (left hand) {Fly Will+ rCorr Stlth+}
   (You found it on level 6 of the Dungeon)

   [ring of resist corrosion]

   Fly:       It grants you flight.
   rCorr:     It protects you from acid and corrosion.
   Will:      It increases your willpower.
   Stlth:     It makes you more stealthy.
Potions
 c - 5 potions of flight
 f - 3 potions of curing
 l - a potion of haste
 m - a potion of might {unknown}
 p - a potion of mutation
 q - 2 potions of magic
 v - a potion of lignification {unknown}
 z - a potion of berserk rage {unknown}
 A - a potion of attraction {unknown}


   Skills:
 + Level 5.8 Fighting
 * Level 10.9 Axes
 * Level 4.5 Armour
 + Level 4.2 Dodging


You had 8 spell levels left.
You didn't know any spells.
Your spell library was empty.

Dungeon Overview and Level Annotations

Branches:
Dungeon (9/15)             Temple (0/1) D:5
   Lair: D:8-11         Orc: D:9-12

Altars:
Qazlal

Shops:
D:5 [


Innate Abilities, Weirdness & Mutations

You are completely covered in rugged brown scales. (AC +3, +7% HP)
You have supernaturally acute eyesight. (SInv)
Armour fits poorly on your strangely shaped body.
You can roll at nearby foes to attack.
You have a long armoured tail.
You curl defensively after being hit. (AC +7*)


Message History

* * * LOW HITPOINT WARNING * * *
The orc hits you but does no damage.
Your skin crawls.
You feel strong-willed. The centaur barely misses you.
The centaur kicks you but does no damage.
The centaur hits you but does no damage.
The centaur kicks you but does no damage.
The orc hits you but does no damage. x2
The centaur hits you but does no damage.
The centaur kicks you but does no damage.
The orc hits you but does no damage.
You barely miss the centaur. You hit the orc but do no damage. You hit the orc.
The centaur hits you but does no damage.
The centaur kicks you but does no damage.
The orc hits you with a +0 whip.
* * * LOW HITPOINT WARNING * * *
The orc hits you but does no damage.
You hit the centaur but do no damage.
You tail-slap the centaur, but do no damage.
You hit the orc but do no damage. You closely miss the orc.
The centaur hits you but does no damage.
The centaur kicks you but does no damage.
The orc hits you but does no damage.
The centaur hits you but does no damage.
The centaur kicks you but does no damage.
An orc wizard comes into view. It is wielding a +0 dagger.
The orc hits you with a +3 morningstar!
* * * LOW HITPOINT WARNING * * *
You hit the centaur but do no damage. You barely miss the orc. You hit the orc.
The centaur hits you but does no damage.
The centaur kicks you but does no damage.
The orc hits you but does no damage.
The centaur hits you but does no damage.
The centaur kicks you.
* * * LOW HITPOINT WARNING * * *
The orc hits you with a +3 morningstar!
You die...

..........######
..........#
....#...#.# ###
###.#.# ... ..#)#
#.####..#)#####
##...##..#)....###.#
....##............#.
#...###.#...@o......
#...# #.#..o#c......
####...#
#.#..o........
#......#
#.#..########.
#<....## #.#...
#.....####.##.#
#........#.##.#
#......#.#.##.#
######.#...)o.#


You could see a centaur, an orc wizard and 2 orcs.

Vanquished Creatures
  An ugly thing (D:8)
  A hornet (D:8)
  Edmund (D:5)
  Menkaure (D:6)
  A water moccasin (D:6)
  2 orc warriors
  A sky beast (D:5)
  4 necrophages
  An ogre (D:4)
  4 black bears
  A phantom (D:6)
  2 centaurs
  A scorpion (D:4)
  A wyvern skeleton (D:6)
  3 howler monkeys (D:7)
  2 centaur zombies
  A jelly (D:6)
  A bullfrog skeleton (D:5)
  An orc priest (D:9)
  3 hounds
  Crazy Yiuf (D:2)
  Jessica (D:2)
  2 iguanas
  An orc wizard (D:7)
  A scorpion zombie (D:5)
  A hound zombie (D:5)
  A hound skeleton (D:4)
  12 adders
  3 gnolls (D:3)
  2 worms
  2 dart slugs
  19 orcs
  8 ball pythons
  3 endoplasms
  3 giant cockroaches
  3 goblins
  8 hobgoblins
  5 kobolds
  2 quokkas
  5 bats
  2 frilled lizards
  2 rats
120 creatures vanquished.

Vanquished Creatures (others)
  A plant (D:4)
1 creature vanquished.

Grand Total: 121 creatures vanquished

Notes
Turn   | Place    | Note
-------+----------+-------------------------------------------
     0 | D:1      | a11behringer the Palentonga Berserker began the quest for
                  | the Orb.
     0 | D:1      | Reached XP level 1. HP: 19/19 MP: 1/1
   172 | D:1      | Reached XP level 2. HP: 20/25 MP: 2/2
   783 | D:2      | Found a faded altar of an unknown god.
   840 | D:2      | Reached ** piety under Trog
   892 | D:2      | Reached XP level 3. HP: 25/31 MP: 3/3
  1039 | D:2      | Reached skill level 4 in Axes
  1265 | D:4      | Noticed a black bear
  1275 | D:4      | Killed a black bear
  1276 | D:4      | Reached XP level 4. HP: 39/39 MP: 4/4
  1385 | D:4      | Noticed a necrophage
  1391 | D:4      | Killed a necrophage
  1392 | D:4      | Reached skill level 5 in Axes
  1392 | D:4      | Reached XP level 5. HP: 44/44 MP: 5/5
  1523 | D:2      | Noticed Jessica
  1524 | D:2      | Killed Jessica
  1525 | D:2      | Reached XP level 6. HP: 40/51 MP: 6/6
  2069 | D:2      | Found a runed translucent door.
  2070 | D:2      | Noticed Crazy Yiuf
  2223 | D:2      | Killed Crazy Yiuf
  3216 | D:4      | Found a stormy altar of Qazlal.
  3414 | D:4      | Reached skill level 6 in Axes
  3456 | D:4      | Gained mutation: You curl defensively after being hit. (AC
                  | +7*) [Palentonga growth]
  3456 | D:4      | Reached XP level 7. HP: 50/57 MP: 7/7
  3856 | D:4      | Reached skill level 7 in Axes
  3925 | D:4      | Identified a scroll of acquirement
  3925 | D:4      | Acquired the ring of the Spinneret {AC+4 Dex+4}
  4403 | D:5      | Entered Level 5 of the Dungeon
  4435 | D:5      | Noticed Edmund
  4445 | D:5      | Killed Edmund
  4507 | D:5      | Found a staircase to the Ecumenical Temple.
  4512 | D:5      | Found Aguumeta's Armour Boutique.
  4581 | D:5      | Reached skill level 8 in Axes
  4581 | D:5      | Reached XP level 8. HP: 63/65 MP: 8/8
  4590 | D:5      | Reached *** piety under Trog
  4949 | D:6      | You are sucked into a shaft and drop 3 floors!
  4987 | D:8      | Noticed a green ugly thing
  4989 | D:8      | Noticed a hornet
  5022 | D:8      | Killed a green ugly thing
  5023 | D:8      | Reached skill level 5 in Fighting
  5023 | D:8      | Reached skill level 9 in Axes
  5031 | D:8      | Killed a hornet
  5032 | D:8      | Reached XP level 9. HP: 31/72 MP: 9/9
  5039 | D:8      | Reached skill level 10 in Axes
  5345 | D:6      | Identified the ring of Ephemeral Luck {Fly Will+ rCorr
                  | Stlth+}
  5749 | D:6      | Noticed Menkaure
  5761 | D:6      | Killed Menkaure
  6501 | D:7      | Slain by an orc

Illustrated notes

Levels and vault maps discovered:
D:1:      tarquinn_simple_flora_water_e, layout_basic
D:2:      layout_loops_ring, shapermc_ecumenical_altar_notcrosses, uniq_jessica,
          uniq_crazy_yiuf_cottage
D:3:      layout_loops_ring
D:4:      layout_basic, lemuel_coloured_pillars_altar, nicolae_zen_rock_garden
D:5:      layout_cave_pools, minmay_temple_entry_slanted, serial_shops,
          nicolae_stop_n_shop_1, uniq_edmund
D:6:      layout_gridville, uniq_menkaure
D:7:      layout_basic, enter_bailey_7
D:8:      layout_basic, lair_entry_dummy, uniq_pikel
D:9:      layout_basic

Skill      XL: |  1  2  3  4  5  6  7  8  9 |
---------------+----------------------------+-----
Axes           | 4 5 6 8 9 10 | 10.9
Armour         | 2 3 4 |  4.5
Dodging        | 2 3 4 |  4.2
Fighting       | 4 5 |  5.8

Action                   |  1- 3 |  4- 6 |  7- 9 || total
-------------------------+-------+-------+-------++-------
Melee: Hand axe          |    74 |   121 |   306 ||   501
       Tailslap          |     8 |    15 |    50 ||    73
Invok: Berserk           |     1 |     3 |     6 ||    10
       Trog's Hand       |     1 |       |     3 ||     4
  Use: Scroll            |       |       |    15 ||    15
       Potion            |       |       |     2 ||     2
Armor: Animal skin       |    10 |       |       ||    10
       Leather armour    |    32 |    48 |   114 ||   194
       Gold dragon scale |       |       |   129 ||   129
Dodge: Dodged            |    32 |    50 |    77 ||   159

Table legend: (Time is in decaauts)
 A = Elapsed time spent in this place.
 B = Non-inter-level travel time spent in this place.
 C = Inter-level travel time spent in this place.
 D = Time resting spent in this place.
 E = Time spent auto-exploring this place.
 F = Levels seen in this place.
 G = Mean time per level.
                   A        B        C        D        E       F      G
               +--------+--------+--------+--------+--------+-----+--------+
         Total |   6552 |   5803 |    749 |    141 |   4712 |   9 |  728.0 |
       Dungeon |   6552 |   5803 |    749 |    141 |   4712 |   9 |  728.0 |
               +--------+--------+--------+--------+--------+-----+--------+

Top non-repeatable levels by time:
     D:4: 1608 daAuts
     D:2: 1221 daAuts
     D:6: 1075 daAuts
     D:3: 874 daAuts
     D:1: 741 daAuts
     D:5: 562 daAuts
     D:8: 312 daAuts
     D:7: 113 daAuts
     D:9: 42 daAuts
